 Dungeon Crawl Stone Soup version 0.23.2-1-ga50397a6bc (webtiles) character file.

Game seed: 2102869838408968225

342 Mrkan the Ruffian (level 6, -3/53 HPs)
             Began as a Troll Monk on May 21, 2019.
             Was a Believer of Hepliaklqana.
             Slain by Duvessa
             ... wielding a +0 rapier
              (10 damage)
             ... on level 4 of the Dungeon.
             The game lasted 00:05:37 (2225 turns).

Mrkan the Ruffian (Troll Monk)                      Turns: 2225, Time: 00:05:38

Health: -3/53      AC:  6    Str: 20    XL:     6   Next: 30%
Magic:  5/5        EV: 10    Int:  6    God:    Hepliaklqana [**....]
Gold:   119        SH:  0    Dex: 14    Spells: 5/5 levels left

rFire    . . .     SeeInvis .     - Unarmed
rCold    . . .     Gourm    +   (no shield)
rNeg     . . .     Faith    .   a - +0 robe
rPois    .         Spirit   .   (helmet restricted)
rElec    .         Reflect  .   (no cloak)
rCorr    .         Harm     .   (gloves unavailable)
MR       .....                  (boots unavailable)
Stlth    ++........             (no amulet)
HPRegen  0.57/turn              (no ring)
MPRegen  0.09/turn              (no ring)

@: no status effects
A: large, unfitting armour, reduced essence, claws 3, fast metabolism 3,
gourmand, regeneration 1, shaggy fur 1, tough skin 3
a: Recall Ancestor, Ancestor Identity, Renounce Religion


You were on level 4 of the Dungeon.
You worshipped Hepliaklqana.
Hepliaklqana was pleased with you.
You were very full.

You visited 1 branch of the dungeon, and saw 4 of its levels.

You collected 119 gold pieces.

Inventory:

Armour
 a - a +0 robe (worn)
Jewellery
 j - an uncursed ring of protection from magic {unknown}
 m - an uncursed amulet of faith {unknown}
 p - an uncursed ring of protection from magic {unknown}
 v - an uncursed ring of protection from fire {unknown}
Wands
 r - a wand of flame (20)
 s - a wand of polymorph (12)
Scrolls
 c - 2 scrolls of enchant armour {unknown}
 d - 5 scrolls of identify {unknown}
 f - a scroll of noise {unknown}
 g - a scroll of fear {unknown}
 n - a scroll of teleportation {unknown}
 u - a scroll of immolation {unknown}
Potions
 e - a potion of agility {unknown}
 h - 2 potions of mutation {unknown}
 i - a potion of berserk rage {unknown}
 k - a potion of haste
 l - 3 potions of heal wounds {unknown}
 o - a potion of lignification {unknown}
 q - a potion of resistance {unknown}
 t - a potion of degeneration {unknown}
Comestibles
 b - 10 rations
 w - 2 chunks of flesh


   Skills:
 - Level 2.4 Fighting
 - Level 2.4 Dodging
 - Level 1.0 Stealth
 * Level 7.2 Unarmed Combat


You had 5 spell levels left.
You didn't know any spells.
Your spell library was empty.

Dungeon Overview and Level Annotations

Branches:
Dungeon (4/15)
 Temple: D:4-7

Altars:
Dithmenos
Hepliaklqana

Annotations:
D:4 Dowan, Duvessa


Innate Abilities, Weirdness & Mutations

You are too large for most types of armour.
You have claws for hands.
Your metabolism is lightning-fast.
You like to eat raw meat.
Your natural rate of healing is unusually fast.
You are covered in fur. (AC +1)
You have extremely tough skin. (AC +3)
Your life essence is reduced to manifest your ancestor. (-10% HP)


Message History

Dowan is heavily wounded.
The orc hits you but does no damage. Duvessa hits you with a +0 rapier!
The worker ant barely misses you.
You claw Dowan!
Dowan is severely wounded.
Dowan completely misses you. The orc misses you.
The worker ant bites you but does no damage.
Duvessa hits you with a +0 rapier!
The worker ant bites you but does no damage.
You barely miss Dowan.
Dowan is severely wounded.
Dowan points at you and mumbles some strange words.
The puff of flame hits you! The worker ant bites you.
* * * LOW HITPOINT WARNING * * *
The orc hits you with a +0 dagger.
* * * LOW HITPOINT WARNING * * *
The worker ant bites you.
* * * LOW HITPOINT WARNING * * *
Duvessa hits you with a +0 rapier!
You die...

##........#.#
#........%.. !
#..........##.
#............
#?.........#
#..........#
#..?..oea#
#....wa@e#
#..........#
#..........#
#..........#
#..........#
#..........#
##........##
##......##


You could see Duvessa, Dowan, a worm, 2 worker ants and an orc.

Vanquished Creatures
  An orc priest (D:3)
  Natasha (twice) (D:2)
  Robin (D:3)
  A gnoll (D:1)
  7 adders
  8 worms
  2 dart slugs
  2 leopard geckos
  2 orcs (D:3)
  3 ball pythons
  2 giant cockroaches
  13 goblins
  13 hobgoblins
  3 bats
  7 frilled lizards
  7 kobolds
  10 rats
84 creatures vanquished.

Vanquished Creatures (collateral kills)
  Ijyb (D:3)
  Natasha (D:2)
  An adder (D:3)
  A worm (D:3)
  2 orcs (D:3)
  2 goblins (D:3)
8 creatures vanquished.

Vanquished Creatures (others)
  A hexer (D:4)
1 creature vanquished.

Grand Total: 93 creatures vanquished

Notes
Turn   | Place    | Note
-------+----------+-------------------------------------------
     0 | D:1      | Mrkan the Troll Monk began the quest for the Orb.
     0 | D:1      | Reached XP level 1. HP: 22/22 MP: 0/0
   313 | D:1      | Reached XP level 2. HP: 25/29 MP: 1/1
   320 | D:1      | Reached skill level 4 in Unarmed Combat
   452 | D:1      | Reached XP level 3. HP: 36/36 MP: 2/2
   888 | D:2      | Reached skill level 5 in Unarmed Combat
   888 | D:2      | Reached XP level 4. HP: 44/44 MP: 3/3
   927 | D:2      | Found a shadowy altar of Dithmenos.
   977 | D:2      | Noticed Natasha
   984 | D:2      | Killed Natasha
  1146 | D:2      | Reached XP level 5. HP: 50/50 MP: 4/4
  1253 | D:2      | Found a hazy altar of Hepliaklqana.
  1262 | D:2      | Became a worshipper of Hepliaklqana the Forgotten
  1262 | D:2      | Reached * piety under Hepliaklqana
  1262 | D:2      | Reached ** piety under Hepliaklqana
  1263 | D:2      | Remembered your ancestor Otashin as a hexer
  1303 | D:2      | Noticed Natasha
  1308 | D:2      | Killed Natasha
  1308 | D:2      | Reached skill level 6 in Unarmed Combat
  1501 | D:2      | Noticed Natasha
  1507 | D:2      | Killed Natasha
  1656 | D:3      | Noticed Robin
  1678 | D:3      | Killed Robin
  1741 | D:3      | Noticed Ijyb
  1752 | D:3      | Killed Ijyb
  1752 | D:3      | Reached XP level 6. HP: 47/53 MP: 5/5
  1757 | D:3      | Reached skill level 7 in Unarmed Combat
  2215 | D:4      | Noticed Duvessa
  2215 | D:4      | Noticed Dowan
  2225 | D:4      | Slain by Duvessa

Skill      XL: |  1  2  3  4  5  6 |
---------------+-------------------+-----
Unarmed Combat | 4 5 6 7 |  7.2
Fighting       | |  2.4
Dodging        | |  2.4
Stealth        | |  1.0

Action                   |  1- 3 |  4- 6 || total
-------------------------+-------+-------++-------
Melee: Unarmed           |    74 |   140 ||   214
       Punch             |     1 |     2 ||     3
Invok: Ancestor Life: He |       |     1 ||     1
       Ancestor Identity |       |     1 ||     1
 Stab: Sleeping          |     1 |     6 ||     7
       Confused          |       |     1 ||     1
  Eat: Chunk             |    12 |    13 ||    25
Armor: Robe              |    16 |    44 ||    60
Dodge: Dodged            |    27 |    69 ||    96
